 Dungeon Crawl Stone Soup version 0.26.1-11-gd32895ea62 (webtiles) character file.

Game seed: 12054321585876303938

67 DildoBatman the Conjurer (level 4, -1/30 HPs)
             Began as a Formicid Conjurer on May 15, 2021.
             Slain by Crazy Yiuf
             ... wielding a +2 quarterstaff of chaos
              (10 damage)
             ... on level 2 of the Dungeon.
             The game lasted 00:03:51 (1005 turns).

DildoBatman the Conjurer (Formicid Conjurer)        Turns: 1005, Time: 00:03:52

Health: -1/30      AC:  2    Str: 12    XL:     4   Next: 38%
Magic:  4/7        EV: 12    Int: 18    God:
Gold:   109        SH:  0    Dex:  9    Spells: 4/7 levels left

rFire    . . .     SeeInvis +   m - +2 club (spect)
rCold    . . .     Faith    .   (no shield)
rNeg     . . .     Spirit   .   a - +0 robe
rPois    .         Reflect  .   (helmet unavailable)
rElec    .         Harm     .   (no cloak)
rCorr    .         Rampage  .   (no gloves)
Will     .....                  (no boots)
Stlth    ++........             (no amulet)
HPRegen  0.10/turn              (no ring)
MPRegen  0.10/turn              (no ring)

@: no status effects
A: permanent stasis, dig shafts and tunnels, four strong arms, antennae 3
a: Dig, Shaft Self


You were on level 2 of the Dungeon.
You visited 1 branch of the dungeon, and saw 2 of its levels.

You collected 109 gold pieces.

Inventory:

Hand Weapons
 h - a +0 short sword of draining
 m - a +2 spectral club (weapon)
Missiles
 b - 36 arrows
 e - 6 boomerangs
 j - 88 stones
Armour
 a - a +0 robe (worn)
Scrolls
 c - 2 scrolls of identify {unknown}
 n - a scroll of noise {unknown}
Potions
 d - 2 potions of might {unknown}
 f - a potion of degeneration {unknown}
 g - a potion of brilliance {unknown}
 i - a potion of haste
 k - a potion of heal wounds {unknown}
 l - 2 potions of attraction {unknown}


   Skills:
 - Level 1.7 Dodging
 - Level 2.4 Stealth
 - Level 2.1 Spellcasting
 * Level 5.1 Conjurations


You had 4 spell levels left.
You knew the following spells:

 Your Spells              Type           Power        Failure   Level
a - Searing Ray           Conj           40%          3%          2
c - Magic Dart            Conj           80%          2%          1

Your spell library contained the following spells:

 Spells                   Type           Power        Failure   Level
 Dazzling Flash           Conj/Hex       22%          19%         3
 Fulminant Prism          Conj/Hex       5%           52%         4
 Iskenderun's Mystic Bla  Conj/Tloc      11%          52%         4


Dungeon Overview and Level Annotations

Branches:
Dungeon (2/15)

Altars:

Annotations:
D:2 Crazy Yiuf


Innate Abilities, Weirdness & Mutations

You cannot be hasted, slowed, berserked, paralysed or teleported.
You can dig through walls and to a lower floor.
Your four strong arms can wield two-handed weapons with a shield.
You have a pair of large antennae on your head. (SInv)


Message History

t - Shout!
Orders for allies: a - Attack new target. r - Retreat! s - Stop attacking. g - Guard the area. f - Follow me.
Anything else - Cancel.
You shout for attention!
Crazy Yiuf whimpers, "Earwax!
Dawk childish pizzabubble."
Crazy Yiuf hits you with a +2 quarterstaff of chaos!
You feel your power leaking away.
A goblin comes into view.
What are your orders? t - Shout!
Orders for allies: a - Attack new target. r - Retreat! s - Stop attacking. g - Guard the area. f - Follow me.
Anything else - Cancel.
You shout for attention!
The goblin shouts!
Crazy Yiuf hits you with a +2 quarterstaff of chaos!
You die...

## .# .# .# ##
# # ##g ##
#.### .######
##...# ....).#
#.@#.# .####.#
#g##.# #####.#
#.. #.#
...##.##### #..
#.# ##........#
#). #.##
#####.#####
######.#
.......†..#
##....#
#####.###.#
##.#####
##..###.####..#


You could see Crazy Yiuf and a goblin.

Vanquished Creatures
  Robin (D:2)
  An adder (D:2)
  A dart slug (D:1)
  A leopard gecko (D:1)
  2 giant cockroaches (D:1)
  10 hobgoblins
  4 jackals (D:1)
  A kobold (D:2)
  3 bats (D:1)
  2 frilled lizards (D:1)
  9 goblins
  2 rats
37 creatures vanquished.

Notes
Turn   | Place    | Note
-------+----------+-------------------------------------------
     0 | D:1      | DildoBatman the Formicid Conjurer began the quest for the
                  | Orb.
     0 | D:1      | Reached XP level 1. HP: 13/13 MP: 3/3
   289 | D:1      | Reached skill level 4 in Conjurations
   289 | D:1      | Reached XP level 2. HP: 15/19 MP: 0/5
   292 | D:1      | Learned a level 2 spell: Searing Ray
   471 | D:1      | Reached XP level 3. HP: 20/24 MP: 2/6
   651 | D:2      | Noticed Robin
   781 | D:2      | Reached XP level 4. HP: 26/30 MP: 4/7
   886 | D:2      | Killed Robin
   887 | D:2      | Reached skill level 5 in Conjurations
   997 | D:2      | Found a runed translucent door.
   997 | D:2      | Noticed Crazy Yiuf
  1005 | D:2      | Slain by Crazy Yiuf

Illustrated notes

Levels and vault maps discovered:
D:1:      dpeg_arrival_round_c, layout_basic
D:2:      layout_loops_ring, uniq_robin, uniq_crazy_yiuf_cottage

Skill      XL: |  1  2  3  4 |
---------------+-------------+-----
Conjurations   | 4 5 |  5.1
Dodging        | |  1.7
Stealth        | |  2.4
Spellcasting   | |  2.1

Action                   |  1- 3 |  4- 6 || total
-------------------------+-------+-------++-------
Melee: Unarmed           |    11 |       ||    11
       Short sword       |    25 |       ||    25
       Club              |       |    12 ||    12
 Cast: Magic Dart        |    33 |     1 ||    34
       Searing Ray       |     5 |     4 ||     9
 Abil: Dig               |     2 |     3 ||     5
Armor: Robe              |     9 |     1 ||    10
Dodge: Dodged            |    46 |    11 ||    57
